 Dungeon Sprint DCSS version 0.30-a0-304-gdc4b735fe1 (webtiles) character file.

Game seed: 4814535204161011031

1241 Low2 the Cruncher (level 8, -4/91 HPs)
             Began as an Ogre Gladiator on Oct 20, 2022.
             Was an Initiate of Elyvilon.
             Slain by a demonic crawler (14 damage)
             ... in the Dungeon (Sprint I: "Red Sonja").
             The game lasted 00:06:34 (727 turns).

Low2 the Cruncher (Ogre Gladiator)                   Turns: 727, Time: 00:06:36

Health: -4/91      AC:  3    Str: 19    XL:     8   Next: 49%
Magic:  8/8        EV: 13    Int:  9    God:    Elyvilon [......]
Gold:   137        SH:  0    Dex: 12    Spells: 7/7 levels left

rFire   . . .      SeeInvis .    d - +0 arbalest
rCold   . . .      Faith    .    (shield currently unavailable)
rNeg    . . .      Spirit   .    b - +0 robe
rPois   .          Reflect  .    c - +0 hat
rElec   .          Harm     .    (no cloak)
rCorr   .          Rampage  .    (gloves unavailable)
Will    .....      NoTele   +    (boots unavailable)
Stlth   ++........               e - amulet of regeneration
HPRegen 1.15/turn                (no ring)
MPRegen 0.11/turn                (no ring)

@: hasted, very quick
A: large, unfitting armour, tough skin 1
a: Renounce Religion


You were in the Dungeon.
You worshipped Elyvilon.
Elyvilon was noncommittal.
You visited 1 branch You collected 405 gold pieces.
You spent 268 gold pieces at shops.

Inventory:

Hand Weapons
 a - a +0 quarterstaff
 d - a +0 arbalest (weapon)
 m - a +3 spear of flaming
Missiles
 l - a large rock
Armour
 b - a +0 robe (worn)
 c - a +0 hat (worn)
Jewellery
 e - an amulet of regeneration (around neck)
Potions
 f - a potion of curing
 i - 2 potions of magic


   Skills:
 + Level 8.9 Fighting
 + Level 0.5(7.4) Polearms
 + Level 11.7 Staves
 + Level 6.8 Throwing
 + Level 9.0 Dodging
 + Level 3.4 Stealth
 + Level 3.2 Evocations


You had 7 spell levels left.
You didn't know any spells.
Your spell library was empty.

Dungeon Overview and Level Annotations

Branches:
Dungeon (1/1)

Altars:
Cheibriados
Dithmenos
Elyvilon
Fedhas
Gozag
Hepliaklqana
Kikubaaqudgha
Makhleb
Nemelex Xobeh
Okawaru
Qazlal
Ru
Sif Muna
Trog
Uskayaw
Vehumet
Wu Jian
Xom
Yredelemnul
Zin
The Shining One
Jiyva
Lugonu

Shops:
D (


Innate Abilities, Weirdness & Mutations

You are too large for most types of armour.
You have tough skin. (AC +1)


Message History

d - a +0 arbalest (weapon)
Fire: d) +0 arbalest
Press: ? - help, Q - select action, (/) - cycle Shift-Dir - straight line, f - demonic crawler
Aim: a demonic crawler (wandering, hasn't noticed you, 72% to hit)
You shoot a bolt.
The bolt closely misses the demonic crawler.
The bolt hits the demonic crawler!
The demonic crawler is moderately wounded.
The demonic crawler shrieks in warning!
The demonic crawler shrieks in warning!
Fire: d) +0 arbalest
Press: ? - help, Q - select action, (/) - cycle Shift-Dir - straight line, f/p - demonic crawler
Aim: a demonic crawler (72% to hit)
You shoot a bolt.
The bolt hits the demonic crawler but does no damage.
The demonic crawler hits you! x2; The demonic crawler barely misses you. x2
The demonic crawler hits you! The demonic crawler barely misses you.
A gargoyle comes into view. It is wielding a +0 flail.
The demonic crawler hits you! x2; The demonic crawler hits you.
Things that are here:
a +0 dagger; a +0 robe; a kobold corpse Fire: d) +0 arbalest
Press: ? - help, Q - select action, (/) - cycle Shift-Dir - straight line, f/p - demonic crawler
Aim: a demonic crawler (72% to hit)
You shoot a bolt.
The bolt hits the demonic crawler but does no damage.
The demonic crawler shrieks in warning!
The demonic crawler hits you. The demonic crawler hits you!
The demonic crawler hits you.
The demonic crawler shrieks in warning! x2
The demonic crawler hits you but does no damage. x2
The demonic crawler hits you!
* * * LOW HITPOINT WARNING * * *
You feel yourself speed up.
The demonic crawler hits you but does no damage.
The demonic crawler closely misses you. The demonic crawler hits you!
* * * LOW HITPOINT WARNING * * *
The demonic crawler hits you but does no damage.
The demonic crawler hits you!
You die...

#######################
#.))..#..'..#__#sss9..#
'..#..').#..'..)@s#...##+#
#####'#####'#__####...'..#
####..#...#.#### #####9.+
#__####..##(# ##
#_____##'#_.+
#_.∩...'..._#
#_..__##_.#'#
#_____###+#.# ####### ###


You could see 4 demonic crawlers and a gargoyle.

Vanquished Creatures
  2 kobold demonologists (D)
  A slime creature (D)
  Sigmund (D)
  A yak (D)
  A floating eye (D)
  An ogre (D)
  A jelly (D)
  Ijyb (D)
9 creatures vanquished.

Notes
Turn   | Place    | Note
-------+----------+-------------------------------------------
     0 | D        | Low2 the Ogre Gladiator began the quest for the Orb.
     0 | D        | Reached XP level 1. HP: 22/22 MP: 1/1
     2 | D        | Noticed Ijyb
    18 | D        | Killed Ijyb
    19 | D        | Reached skill level 4 in Staves
    19 | D        | Reached XP level 2. HP: 20/31 MP: 2/2
    19 | D        | Reached XP level 3. HP: 24/37 MP: 3/3
    67 | D        | Noticed an ogre
    73 | D        | Killed an ogre
    74 | D        | Reached skill level 6 in Staves
    74 | D        | Reached skill level 5 in Dodging
    74 | D        | Reached XP level 4. HP: 24/49 MP: 4/4
   164 | D        | Noticed Sigmund
   173 | D        | Killed Sigmund
   174 | D        | Reached skill level 5 in Fighting
   174 | D        | Reached skill level 8 in Staves
   174 | D        | Reached skill level 1 in Stealth
   174 | D        | Reached XP level 5. HP: 25/59 MP: 5/5
   174 | D        | Reached XP level 6. HP: 29/67 MP: 6/6
   308 | D        | Found an ornate altar of the Wu Jian Council.
   308 | D        | Found a shimmering blue altar of Sif Muna.
   313 | D        | Reached skill level 5 in Throwing
   313 | D        | Found a radiant altar of Vehumet.
   352 | D        | Found Emoylofie's Weapon Emporium.
   352 | D        | Found an ancient bone altar of Kikubaaqudgha.
   352 | D        | Found a hazy altar of Hepliaklqana.
   352 | D        | Found a stormy altar of Qazlal.
   352 | D        | Found a hide-covered altar of Uskayaw.
   352 | D        | Found a blossoming altar of Fedhas.
   352 | D        | Found a bloodstained altar of Trog.
   352 | D        | Found an iron altar of Okawaru.
   352 | D        | Found a basalt altar of Yredelemnul.
   352 | D        | Found a glowing golden altar of the Shining One.
   352 | D        | Found a snail-covered altar of Cheibriados.
   352 | D        | Found a sacrificial altar of Ru.
   352 | D        | Found a glowing silver altar of Zin.
   352 | D        | Found a shadowy altar of Dithmenos.
   352 | D        | Found a white marble altar of Elyvilon.
   352 | D        | Noticed a yak
   363 | D        | Killed a yak
   364 | D        | Reached skill level 9 in Staves
   364 | D        | Found an opulent altar of Gozag.
   371 | D        | Found a sparkling altar of Nemelex Xobeh.
   385 | D        | Became a worshipper of Elyvilon the Healer
   403 | D        | Found a burning altar of Makhleb.
   403 | D        | Found a viscous altar of Jiyva.
   403 | D        | Found a shimmering altar of Xom.
   403 | D        | Found a corrupted altar of Lugonu.
   403 | D        | Noticed a slime creature
   413 | D        | Killed a slime creature
   414 | D        | Reached skill level 10 in Staves
   414 | D        | Reached skill level 1 in Evocations
   414 | D        | Reached XP level 7. HP: 16/78 MP: 7/7
   501 | D        | Bought a +3 spear of flaming for 268 gold pieces
   522 | D        | Noticed a kobold demonologist
   523 | D        | Noticed a kobold demonologist
   524 | D        | Paralysed by a floating eye for 4 turns
   532 | D        | Noticed an ice devil
   542 | D        | Killed a kobold demonologist
   543 | D        | Reached skill level 11 in Staves
   543 | D        | Reached XP level 8. HP: 85/89 MP: 8/8
   546 | D        | Noticed an orange demon
   555 | D        | Noticed a ynoxinul
   565 | D        | Killed a kobold demonologist
   719 | D        | Noticed a demonic crawler
   719 | D        | Noticed a demonic crawler
   719 | D        | Noticed a demonic crawler
   719 | D        | Noticed a demonic crawler
   724 | D        | Noticed a gargoyle
   727 | D        | Slain by a demonic crawler

Illustrated notes

Levels and vault maps discovered:
D:        dungeon_sprint_1 [red_sonja_temple_1, red_sonja_temple_small_1]

Skill      XL: |  1  2  3  4  5  6  7  8 |
---------------+-------------------------+-----
Fighting       | 3 4 5 7 8 |  8.9
Staves         | 4 6 8 10 11 | 11.7
Dodging        | 4 5 6 7 8 9 |  9.0
Throwing       | 3 4 6 |  6.8
Stealth        | 1 2 3 |  3.4
Evocations     | 1 2 3 |  3.2
Polearms       | |  0.5

Action                   |  1- 3 |  4- 6 |  7- 9 || total
-------------------------+-------+-------+-------++-------
Melee: Quarterstaff      |    12 |    18 |       ||    30
       Spear             |       |       |    26 ||    26
       Punch             |       |       |     1 ||     1
 Fire: Arbalest          |       |       |     3 ||     3
Throw: Throwing net      |     4 |     1 |     1 ||     6
       Large rock        |     2 |     2 |     1 ||     5
Evoke: Wand              |       |     9 |     6 ||    15
  Use: Potion            |     1 |       |     2 ||     3
       Scroll            |       |       |     1 ||     1
 Stab: Held in net/web   |     2 |       |       ||     2
Armor: Robe              |       |       |    46 ||    46
Dodge: Dodged            |     4 |     8 |    74 ||    86

Table legend: (Time is in decaauts)
 A = Elapsed time spent in this place.
 B = Non-inter-level travel time spent in this place.
 C = Inter-level travel time spent in this place.
 D = Time resting spent in this place.
 E = Time spent auto-exploring this place.
 F = Levels seen in this place.
 G = Mean time per level.
                   A        B        C        D        E       F      G
               +--------+--------+--------+--------+--------+-----+--------+
         Total |    734 |    734 |      0 |    380 |      0 |   1 |  734.0 |
       Dungeon |    734 |    734 |      0 |    380 |      0 |   1 |  734.0 |
               +--------+--------+--------+--------+--------+-----+--------+

Top non-repeatable levels by time:
       D: 734 daAuts
